| TOP OF THE 1ST |
|
Hagerstown Suns batting - Pitching for Hartford Yard Goats : RHP Logan Ramsey
|
|
Pitching: RHP Logan Ramsey
|
|
|
Batting: RHB Joe Simmelink
|
0-0: Called Strike 0-1: Ball 1-1: Ball 2-1: Ball 3-1: SINGLE (Groundball, 34D, EV 96.9 MPH)
|
|
Batting: RHB Alex Martinez
|
0-0: Foul Ball, location: 2F 0-1: Fielders Choice at 2nd, 4-6 (Groundball, 4, EV 103.1 MPH)
|
|
Batting: RHB Hun-hyeon Kym
|
0-0: Ball 1-0: Swinging Strike 1-1: Ball 2-1: Called Strike 2-2: SINGLE (Line Drive, 6D, EV 96.9 MPH) Alex Martinez to second
|
|
Batting: RHB Qian Tai
|
0-0: Foul Ball, location: 2F 0-1: Foul Ball, location: 2F 0-2: Strikes out looking
|
|
Batting: RHB Yok-sing Szema
|
0-0: Ball 1-0: Fly out, F7 (Flyball, 78M, EV 89.4 MPH)
|
| Top of the 1st over - 0 runs, 2 hits, 0 errors, 2 left on base; Hagerstown 0 - Hartford 0 |
| BOTTOM OF THE 1ST |
|
Hartford Yard Goats batting - Pitching for Hagerstown Suns : RHP Danny Clarke
|
|
Pitching: RHP Danny Clarke
|
|
|
Batting: RHB John Stevenson
|
0-0: Ball 1-0: Swinging Strike 1-1: Ball 2-1: Swinging Strike 2-2: Ball 3-2: Strikes out looking
|
|
Batting: RHB Doug D'Onofrio
|
0-0: Ball 1-0: Called Strike 1-1: Ball 2-1: Ball 3-1: SINGLE (Groundball, 56S, EV 70.6 MPH) (infield hit)
|
|
Batting: RHB Chris Osting
|
0-0: Called Strike Doug D'Onofrio steals 2nd base 0-1: Foul Ball, location: 2F 0-2: SINGLE (Groundball, P, EV 78.8 MPH) (infield hit) Doug D'Onofrio to third
|
|
Batting: SHB Ken Griffey IV
|
0-0: Ball 1-0: Ball 2-0: Fly out, F9 (Flyball, 9S, EV 86.2 MPH)
|
|
Batting: RHB Ray Insley
|
0-0: Ball 1-0: SINGLE (Groundball, 56S, EV 64.4 MPH) (infield hit) Doug D'Onofrio scores Chris Osting to second
|
|
Batting: SHB Brad Madden
|
0-0: Swinging Strike 0-1: Ball 1-1: Ball 2-1: Ground out 4-3 (Groundball, 4, EV 81.9 MPH)
|
| Bottom of the 1st over - 1 run, 3 hits, 0 errors, 2 left on base; Hagerstown 0 - Hartford 1 |
| TOP OF THE 2ND |
|
Hagerstown Suns batting - Pitching for Hartford Yard Goats : RHP Logan Ramsey
|
|
Batting: RHB Rudolph Lentz
|
0-0: Ball 1-0: Ball 2-0: Called Strike 2-1: Foul Ball, location: 2F 2-2: Ball 3-2: Strikes out looking
|
|
Batting: RHB Colin Morris
|
0-0: Called Strike 0-1: Ball 1-1: Foul Ball, location: 2F 1-2: Strikes out swinging
|
|
Batting: RHB Kenny Ball
|
0-0: Called Strike 0-1: Ground out 5-3 (Groundball, 56, EV 91.2 MPH)
|
| Top of the 2nd over - 0 runs, 0 hits, 0 errors, 0 left on base; Hagerstown 0 - Hartford 1 |
| BOTTOM OF THE 2ND |
|
Hartford Yard Goats batting - Pitching for Hagerstown Suns : RHP Danny Clarke
|
|
Batting: RHB Manny Thompson
|
0-0: Ball 1-0: Foul Ball, location: 2F 1-1: Swinging Strike 1-2: Foul Ball, location: 2F 1-2: SINGLE (Groundball, 56D, EV 108.8 MPH)
|
|
Batting: RHB Carlos de Jesus
|
0-0: Ball 1-0: Ball 2-0: Ball 3-0: Called Strike 3-1: Called Strike 3-2: Fly out, F4 (Line Drive, 4D, EV 67.5 MPH)
|
|
Batting: RHB Willie Benito
|
0-0: Ball 1-0: Swinging Strike 1-1: Ball 2-1: Ball 3-1: Base on Balls Manny Thompson to second
|
|
Batting: RHB John Stevenson
|
0-0: Ground out 6-3 (Groundball, 56D, EV 104.4 MPH) Manny Thompson to third Willie Benito to second
|
|
Batting: RHB Doug D'Onofrio
|
0-0: Called Strike 0-1: Ball 1-1: Ball 2-1: Ball 3-1: Foul Ball, location: 2F 3-2: Base on Balls
|
|
Batting: RHB Chris Osting
|
0-0: Ball 1-0: Swinging Strike 1-1: Fly out, F9 (Flyball, 89M, EV 85.0 MPH)
|
| Bottom of the 2nd over - 0 runs, 1 hit, 0 errors, 3 left on base; Hagerstown 0 - Hartford 1 |
| TOP OF THE 3RD |
|
Hagerstown Suns batting - Pitching for Hartford Yard Goats : RHP Logan Ramsey
|
|
Batting: RHB Jorge Torres
|
0-0: Ball 1-0: Ball 2-0: Ball 3-0: Called Strike 3-1: Ground out 5-3 (Groundball, 56, EV 108.8 MPH)
|
|
Batting: RHB Joe Simmelink
|
0-0: Ground out 4-3 (Groundball, 4, EV 90.6 MPH)
|
|
Batting: RHB Alex Martinez
|
0-0: Foul Ball, location: 2F 0-1: DOUBLE (Flyball, 89D, EV 91.9 MPH)
|
|
Batting: RHB Hun-hyeon Kym
|
0-0: Ground out 4-3 (Groundball, 4S, EV 84.4 MPH)
|
| Top of the 3rd over - 0 runs, 1 hit, 0 errors, 1 left on base; Hagerstown 0 - Hartford 1 |
| BOTTOM OF THE 3RD |
|
Hartford Yard Goats batting - Pitching for Hagerstown Suns : RHP Danny Clarke
|
|
Batting: SHB Ken Griffey IV
|
0-0: Ball 1-0: Swinging Strike 1-1: Ball 2-1: Swinging Strike 2-2: Ball 3-2: Strikes out swinging
|
|
Batting: RHB Ray Insley
|
0-0: Ball 1-0: Called Strike 1-1: SOLO HOME RUN (Flyball, 78XD, EV 103.1 MPH), Distance : 385 ft
|
|
Batting: SHB Brad Madden
|
0-0: Fly out, F8 (Line Drive, 8LD, EV 89.4 MPH)
|
|
Batting: RHB Manny Thompson
|
0-0: Ball 1-0: Swinging Strike 1-1: Ball 2-1: Foul Ball, location: 2F 2-2: Ball 3-2: Foul Ball, location: 2F 3-2: Base on Balls
|
|
Batting: RHB Carlos de Jesus
|
0-0: Called Strike 0-1: Swinging Strike 0-2: Foul Ball, location: 2F 0-2: Ball 1-2: Foul Ball, location: 2F 1-2: Ball 2-2: Ball 3-2: Foul Ball, location: 2F 3-2: Base on Balls Manny Thompson to second
|
|
Batting: RHB Willie Benito
|
0-0: Ball 1-0: Swinging Strike 1-1: Ball 2-1: Ball 3-1: Base on Balls Manny Thompson to third Carlos de Jesus to second
|
|
Batting: RHB John Stevenson
|
0-0: Ball 1-0: Ball 2-0: Foul Ball, location: 2F 2-1: Ball 3-1: Ground out U3 (Groundball, 34S, EV 88.1 MPH)
|
| Bottom of the 3rd over - 1 run, 1 hit, 0 errors, 3 left on base; Hagerstown 0 - Hartford 2 |
| TOP OF THE 4TH |
|
Hagerstown Suns batting - Pitching for Hartford Yard Goats : RHP Logan Ramsey
|
|
Batting: RHB Qian Tai
|
0-0: Ball 1-0: Called Strike 1-1: Ball 2-1: Ball 3-1: Swinging Strike 3-2: DOUBLE (Line Drive, 9LS, EV 98.1 MPH)
|
|
Batting: RHB Yok-sing Szema
|
0-0: Called Strike 0-1: Fly out, F7 (Flyball, 7LM, EV 75.6 MPH)
|
|
Batting: RHB Rudolph Lentz
|
0-0: Called Strike Qian Tai is caught stealing 3rd base 2-5 0-1: Called Strike 0-2: Strikes out swinging
|
| Top of the 4th over - 0 runs, 1 hit, 0 errors, 0 left on base; Hagerstown 0 - Hartford 2 |
| BOTTOM OF THE 4TH |
|
Hartford Yard Goats batting - Pitching for Hagerstown Suns : RHP Danny Clarke
|
|
Pitching: RHP Matt Norris
|
|
|
Batting: RHB Doug D'Onofrio
|
0-0: Ball 1-0: Called Strike 1-1: TRIPLE (Line Drive, 9D, EV 113.1 MPH)
|
|
Batting: RHB Chris Osting
|
0-0: Called Strike 0-1: Ball 1-1: Ball 2-1: Foul Ball, location: 2F 2-2: Foul Ball, location: 2F 2-2: Fly out, F8 (Flyball, 89D, EV 96.2 MPH)
|
|
Batting: SHB Ken Griffey IV
|
0-0: Called Strike 0-1: Ball 1-1: SINGLE (Line Drive, 7S, EV 108.1 MPH) Doug D'Onofrio scores
|
|
Batting: RHB Ray Insley
|
0-0: Called Strike 0-1: Called Strike 0-2: Ball 1-2: Fielders Choice at 2nd, 6-4 (Groundball, 6, EV 105.6 MPH)
|
|
Batting: SHB Brad Madden
|
0-0: Fly out, F8 (Flyball, 8LM, EV 91.2 MPH)
|
| Bottom of the 4th over - 1 run, 2 hits, 0 errors, 1 left on base; Hagerstown 0 - Hartford 3 |
| TOP OF THE 5TH |
|
Hagerstown Suns batting - Pitching for Hartford Yard Goats : RHP Logan Ramsey
|
|
Batting: RHB Colin Morris
|
0-0: Ball 1-0: Swinging Strike 1-1: SOLO HOME RUN (Flyball, 7D, EV 98.1 MPH), Distance : 377 ft
|
|
Batting: RHB Kenny Ball
|
0-0: Ball 1-0: Foul Ball, location: 2F 1-1: Called Strike 1-2: Strikes out looking
|
|
Batting: RHB Jorge Torres
|
0-0: Fly out, F8 (Flyball, 8LD, EV 90.6 MPH)
|
|
Batting: RHB Joe Simmelink
|
0-0: Called Strike 0-1: Fly out, F9 (Flyball, 9, EV 94.4 MPH)
|
| Top of the 5th over - 1 run, 1 hit, 0 errors, 0 left on base; Hagerstown 1 - Hartford 3 |
| BOTTOM OF THE 5TH |
|
Hartford Yard Goats batting - Pitching for Hagerstown Suns : RHP Matt Norris
|
|
Batting: RHB Manny Thompson
|
0-0: Ball 1-0: Ball 2-0: Ball 3-0: Base on Balls
|
|
Batting: RHB Carlos de Jesus
|
0-0: Ball 1-0: Ball 2-0: Foul Ball, location: 2F 2-1: Fly out, F8 (Line Drive, 8RS, EV 106.2 MPH)
|
|
Batting: RHB Willie Benito
|
0-0: Called Strike 0-1: Ball 1-1: Foul Ball, location: 2F 1-2: Foul Ball, location: 2F 1-2: Foul Ball, location: 2F 1-2: SINGLE (Groundball, 6D, EV 105.0 MPH) Manny Thompson to second
|
|
Batting: RHB John Stevenson
|
0-0: Swinging Strike 0-1: Foul Ball, location: 2F 0-2: Foul Ball, location: 2F 0-2: Ball 1-2: Ball 2-2: Strikes out swinging
|
|
Batting: RHB Doug D'Onofrio
|
0-0: Ball 1-0: Ball 2-0: Ball 3-0: Base on Balls Manny Thompson to third Willie Benito to second
|
|
Batting: RHB Chris Osting
|
0-0: Ball 1-0: SINGLE (Groundball, 6S, EV 71.2 MPH) (infield hit) Manny Thompson scores Willie Benito to third Doug D'Onofrio to second
|
|
Batting: SHB Ken Griffey IV
|
0-0: Ball 1-0: Called Strike 1-1: Ball 2-1: TRIPLE (Flyball, 78XD, EV 110.6 MPH) Willie Benito scores Doug D'Onofrio scores Chris Osting scores
|
|
Pitching: RHP John Kovach
|
|
|
Batting: RHB Ray Insley
|
0-0: Ball 1-0: Foul Ball, location: 2F 1-1: Ball 2-1: Foul Ball, location: 2F 2-2: Foul Ball, location: 2F 2-2: Strikes out swinging
|
| Bottom of the 5th over - 4 runs, 3 hits, 0 errors, 1 left on base; Hagerstown 1 - Hartford 7 |
| TOP OF THE 6TH |
|
Hagerstown Suns batting - Pitching for Hartford Yard Goats : RHP Logan Ramsey
|
|
Batting: RHB Alex Martinez
|
0-0: Fly out, F6 (Popup, 56D, EV 55.0 MPH)
|
|
Batting: RHB Hun-hyeon Kym
|
0-0: Called Strike 0-1: Ball 1-1: Ball 2-1: Ball 3-1: Base on Balls
|
|
Batting: RHB Qian Tai
|
0-0: Called Strike 0-1: Ball 1-1: Swinging Strike 1-2: Ball 2-2: Foul Ball, location: 2F 2-2: SINGLE (Line Drive, 4M, EV 95.0 MPH) Hun-hyeon Kym to second
|
|
Batting: RHB Yok-sing Szema
|
0-0: Swinging Strike 0-1: Ball 1-1: Foul Ball, location: 2F 1-2: Foul Ball, location: 2F 1-2: Strikes out swinging
|
|
Batting: RHB Rudolph Lentz
|
0-0: Fielders Choice at 2nd, 6-4 (Groundball, 56, EV 88.1 MPH)
|
| Top of the 6th over - 0 runs, 1 hit, 0 errors, 2 left on base; Hagerstown 1 - Hartford 7 |
| BOTTOM OF THE 6TH |
|
Hartford Yard Goats batting - Pitching for Hagerstown Suns : RHP John Kovach
|
|
Batting: SHB Brad Madden
|
0-0: Ground out U3 (Groundball, 3S, EV 84.4 MPH)
|
|
Batting: RHB Manny Thompson
|
0-0: Called Strike 0-1: Ball 1-1: Ground out 4-3 (Groundball, 4M, EV 85.0 MPH)
|
|
Batting: RHB Carlos de Jesus
|
0-0: Called Strike 0-1: Swinging Strike 0-2: Strikes out looking
|
| Bottom of the 6th over - 0 runs, 0 hits, 0 errors, 0 left on base; Hagerstown 1 - Hartford 7 |
| TOP OF THE 7TH |
|
Hagerstown Suns batting - Pitching for Hartford Yard Goats : RHP Logan Ramsey
|
|
Batting: RHB Colin Morris
|
0-0: Ball 1-0: Called Strike 1-1: Swinging Strike 1-2: Foul Ball, location: 2F 1-2: Foul Ball, location: 2F 1-2: Hit by Pitch
|
|
Pitching: RHP Wilson Mendez
|
|
|
Batting: RHB Kenny Ball
|
0-0: Ball 1-0: Ball 2-0: Fly out, F9 (Flyball, 9, EV 86.2 MPH)
|
|
Pinch Hitting: RHB Jessie Fisher
|
0-0: Swinging Strike 0-1: Foul Ball, location: 2F 0-2: Ball 1-2: Strikes out swinging
|
|
Batting: RHB Joe Simmelink
|
0-0: Ball Wild Pitch! Colin Morris to second 1-0: Called Strike 1-1: Ball 2-1: Foul Ball, location: 2F 2-2: Ball Wild Pitch! Colin Morris to third 3-2: Base on Balls
|
|
Batting: RHB Alex Martinez
|
0-0: Ball 1-0: Foul Ball, location: 2F 1-1: Ball 2-1: Foul Ball, location: 2F 2-2: Strikes out swinging
|
| Top of the 7th over - 0 runs, 0 hits, 0 errors, 2 left on base; Hagerstown 1 - Hartford 7 |
| BOTTOM OF THE 7TH |
|
Hartford Yard Goats batting - Pitching for Hagerstown Suns : RHP John Kovach
|
|
Now at SS: Jason Ewert
|
|
|
Batting: RHB Willie Benito
|
0-0: Called Strike 0-1: Fly out, F9 (Flyball, 89M, EV 76.2 MPH)
|
|
Batting: RHB John Stevenson
|
0-0: SINGLE (Groundball, 6MD, EV 94.4 MPH)
|
|
Batting: RHB Doug D'Onofrio
|
0-0: Foul Ball, location: 2F 0-1: Ball 1-1: Ball 2-1: Fly out, F7 (Flyball, 7D, EV 94.4 MPH)
|
|
Batting: RHB Chris Osting
|
0-0: Ball 1-0: Called Strike 1-1: Ball 2-1: Reached on error, E5 (Groundball, 56, EV 88.8 MPH) John Stevenson to second
|
|
Batting: SHB Ken Griffey IV
|
0-0: Foul Ball, location: 2F 0-1: Swinging Strike 0-2: Strikes out swinging
|
| Bottom of the 7th over - 0 runs, 1 hit, 1 error, 2 left on base; Hagerstown 1 - Hartford 7 |
| TOP OF THE 8TH |
|
Hagerstown Suns batting - Pitching for Hartford Yard Goats : RHP Wilson Mendez
|
|
DELAY
|
Rain delay of 47 minutes in the 8th inning.
|
|
Batting: RHB Hun-hyeon Kym
|
0-0: Ground out U3 (Groundball, 34, EV 79.4 MPH)
|
|
Batting: RHB Qian Tai
|
0-0: Ball 1-0: Ball 2-0: Fly out, F8 (Flyball, 8RXD, EV 86.2 MPH)
|
|
Batting: RHB Yok-sing Szema
|
0-0: Ball 1-0: Ball 2-0: Swinging Strike 2-1: Fly out, F9 (Flyball, 9LM, EV 105.0 MPH)
|
| Top of the 8th over - 0 runs, 0 hits, 0 errors, 0 left on base; Hagerstown 1 - Hartford 7 |
| BOTTOM OF THE 8TH |
|
Hartford Yard Goats batting - Pitching for Hagerstown Suns : RHP John Kovach
|
|
Pitching: RHP Ramiro Ramirez
|
|
|
Batting: RHB Ray Insley
|
0-0: Called Strike 0-1: DOUBLE (Flyball, 78XD, EV 109.4 MPH)
|
|
Batting: SHB Brad Madden
|
0-0: Hit by Pitch
|
|
Batting: RHB Manny Thompson
|
0-0: Foul Ball, location: 2F 0-1: Foul Ball, location: 2F 0-2: Ball 1-2: Strikes out swinging
|
|
Batting: RHB Carlos de Jesus
|
0-0: Called Strike 0-1: Called Strike 0-2: Ball 1-2: Foul Ball, location: 2F 1-2: Ball 2-2: Fly out, F7 (Flyball, 7, EV 96.2 MPH)
|
|
Batting: RHB Willie Benito
|
0-0: Ball 1-0: DOUBLE (Groundball, 5L, EV 101.2 MPH) Ray Insley scores Brad Madden to third Runner from 3rd tries for Home, SAFE, throw by LF to trailing runner, SAFE at third!
|
|
Batting: RHB John Stevenson
|
0-0: Ball 1-0: Ball 2-0: Ball 3-0: Called Strike 3-1: Base on Balls
|
|
Batting: RHB Doug D'Onofrio
|
0-0: Foul Ball, location: 2F 0-1: Foul Ball, location: 2F 0-2: Strikes out swinging
|
| Bottom of the 8th over - 2 runs, 2 hits, 0 errors, 2 left on base; Hagerstown 1 - Hartford 9 |
| TOP OF THE 9TH |
|
Hagerstown Suns batting - Pitching for Hartford Yard Goats : RHP Wilson Mendez
|
|
Batting: RHB Rudolph Lentz
|
0-0: Ball 1-0: Ball 2-0: Ground out 6-3 (Groundball, 6, EV 105.0 MPH)
|
|
Batting: RHB Colin Morris
|
0-0: Ball 1-0: SINGLE (Groundball, 6D, EV 102.5 MPH)
|
|
Pitching: RHP Jerry Dunne
|
|
|
Batting: RHB Kenny Ball
|
0-0: Ball 1-0: Foul Ball, location: 2F 1-1: Foul Ball, location: 2F 1-2: Ball 2-2: Strikes out swinging
|
|
Pinch Hitting: SHB Fernando Fundora
|
0-0: Ball 1-0: Ball 2-0: Fly out, F8 (Flyball, 8RD, EV 92.5 MPH)
|
| Top of the 9th over - 0 runs, 1 hit, 0 errors, 1 left on base; Hagerstown 1 - Hartford 9 |
|